Build Orders - Match 35139635 - cohdb - Company of Heroes 3 Replays

Match 35139635
Unlisted

Match 35139635
End
Construct Section Command Post
Selects Australian Defense Battlegroup
Selects Australian Light Infantry Section
Australian Light Infantry Section
Australian Light Infantry Section
Infantry Section
Construct Field Infirmary
Construct Platoon Command Post
Unlock M3 Stuart Light Tanks
Selects CMP 15cwt Supply Run
Selects Reinforced Resource Caches
M3 Stuart Light Tank
Infantry Training
CMP 15cwt Truck
6-pounder Anti-tank Gun Team
Construct Company Command Post
Forward Retreat Point
Selects Archer Tank Destroyer
Archer Tank Destroyer
Selects 2-pounder Anti-tank Gun Team
Selects Defensive Tactics
Armored Vehicle Training
Unlock M3 Grant Medium Tanks
Grenade Package
M3 Grant Medium Tank
M3 Grant Medium Tank
Selects Vehicle Over Repair
M3 Grant Medium Tank
Unlock Bishop Self-propelled Artillery
Team Weapon Training
CMP 15cwt Supply Run
roland8510
Pepe87
Capton X2
Pottatow
Thrusher
Generalfeldmarschall
s73r01d
Hazsart
0
0

Comments sign in to comment!

No comments posted yet!